 Dungeon Crawl Stone Soup version 0.17-a0-1655-g88a8506 (webtiles) character file.

484 kae the Grave Robber (level 6, -3/41 HPs)
             Began as a Demonspawn Necromancer on Aug 15, 2015.
             Killed by divine providence
             ... invoked by an orc priest
              (11 damage)
             ... on level 4 of the Dungeon.
             The game lasted 00:04:46 (3747 turns).

kae the Grave Robber (Demonspawn Necromancer)       Turns: 3747, Time: 00:04:46

Health: -3/41      AC:  6    Str:  9    XL:     6   Next: 88%
Magic:  7/12       EV: 12    Int: 18    God:
Gold:   143        SH:  0    Dex: 13    Spells: 5 memorised, 1 level left

rFire  . . .     SeeInvis .     y - +0 dagger (chaos)
rCold  . . .     Clarity  .     a - +0 robe
rNeg   . . .     SustAt   .     (no shield)
rPois  .         Gourm    .     (no helmet)
rElec  .         Spirit   .     (no cloak)
rCorr  .         Warding  .     (no gloves)
rMut   .         Stasis   .     (no boots)
MR     .....                    (no amulet)
Stlth  ++........               (no ring)
                                g - ring of wizardry

@: not resistant to hostile enchantments, unstealthy
A: iridescent scales 1, spiny 1
a: no special abilities


You were on level 4 of the Dungeon.
You were hungry.

You visited 1 branch of the dungeon, and saw 4 of its levels.

You collected 143 gold pieces.

Inventory:

Hand weapons
 e - a +0 short sword
 y - a +0 dagger of chaos (weapon)
Armour
 a - a +0 robe (worn)
Jewellery
 g - a ring of wizardry (left hand)
Magical devices
 w - a wand of confusion (24)
Scrolls
 f - a scroll of blinking {unknown}
 j - 2 scrolls of remove curse {unknown}
 p - a scroll of recharging {unknown}
 q - a scroll of enchant weapon {unknown}
 t - a scroll of amnesia {unknown}
 u - a scroll of fog {unknown}
 v - a scroll of enchant armour {unknown}
 x - a scroll of teleportation {unknown}
 E - a scroll of identify {unknown}
 F - a scroll of fear {unknown}
 G - a scroll of random uselessness {unknown}
Potions
 d - a potion of lignification
 h - a potion of resistance {unknown}
 i - a potion of invisibility {unknown}
 k - a potion of heal wounds {unknown}
 l - a potion of flight {unknown}
 m - 2 potions of might {unknown}
 n - 3 potions of brilliance {unknown}
 r - a potion of poison {unknown}
 s - a potion of degeneration {unknown}
 A - 2 potions of curing
 C - a potion of mutation {unknown}
Books
 b - a book of Necromancy

   Spells                             Type                      Level
   a - Pain                           Necromancy                   1
   b - Animate Skeleton               Necromancy                   1
   c - Vampiric Draining              Necromancy                   3
   d - Regeneration                   Charms/Necromancy            3
   e - Animate Dead                   Necromancy                   4
   f - Control Undead                 Necromancy                   4
 z - a book of Cantrips

   Spells                             Type                      Level
   a - Corona                         Hexes                        1
   b - Animate Skeleton               Necromancy                   1
   c - Summon Small Mammal            Summoning                    1
   d - Apportation                    Translocation                1
Comestibles
 c - 4 bread rations
 o - 4 fruits
 B - 3 meat rations
 D - a beef jerky


   Skills:
 - Level 1.7 Dodging
 - Level 1.7 Stealth
 + Level 4.1 Spellcasting
 * Level 7.9 Necromancy


You had one spell level left.
You knew the following spells:

 Your Spells              Type           Power        Failure   Level  Hunger
a - Pain                  Necr           ####         1%          1    None
b - Animate Skeleton      Necr           N/A          1%          1    None
c - Vampiric Draining     Necr           ####......   1%          3    ###....
d - Regeneration          Chrm/Necr      ###.......   4%          3    ###....
e - Animate Dead          Necr           N/A          2%          4    ####...


Dungeon Overview and Level Annotations

Branches:
Dungeon (4/15)
 Temple: D:4-7

Altars:
Ashenzari
Elyvilon
Vehumet
Xom
The Shining One


Innate Abilities, Weirdness & Mutations

You are partially covered in iridescent scales (AC +4).
You are partially covered in sharp spines.


Message History

Confirm with . or Enter, or press ? or * to list all spells.
Aiming: Pain
Press: ? - help, Shift-Dir - straight line, f/p - hound
Aim: a hound (moderately wounded, chance to defeat MR: 89%)
The hound convulses in agony!
The orc shouts!
The orc priest shouts!
The hound completely misses you.
The orc priest invokes the aid of Beogh against you.
Something smites you!
The orc throws a tomahawk.
The tomahawk hits you but does no damage.
An ogre comes into view. It is wielding a giant club.
Unknown command.
The hound is struck by your spines.
You kill the hound!
The orc priest invokes the aid of Beogh against you.
Something smites you!
* * * LOW HITPOINT WARNING * * *
The orc priest mumbles some strange prayers to Beogh against you.
Something smites you!
You die...

.................o..#
...#
...........o.......#
###.......#...(....###
#.
##......<..........##...
..................#
.######..........#
#..........#
##.........# ##@.......#
#........# #. ..
#........# #. ...###
##...##...#
#.##......###..### .....
#.... #.......## .... .#
#...#####......## .. .
#.#..## ###.....##. .#
###.#...## ##...........
.##


You could see an orc priest.

Vanquished Creatures
  An ogre (D:3)
  4 crimson imps (D:3)
  A hound (D:4)
  3 worker ants (D:4)
  5 adders
  3 oozes
  2 worms (D:2)
  4 giant geckos (D:1)
  4 orcs
  6 bats
  5 hobgoblins
  6 jackals (D:2)
  2 quokkas (D:3)
  6 giant cockroaches
  A giant gecko skeleton (D:3)
  8 giant newts
  13 goblins
  16 kobolds
  8 rats
98 creatures vanquished.

Vanquished Creatures (others)
  5 plants (D:1)
5 creatures vanquished.

Grand Total: 103 creatures vanquished

Notes
Turn   | Place    | Note
--------------------------------------------------------------
     0 | D:1      | kae the Demonspawn Necromancer began the quest for the Orb.
     0 | D:1      | Reached XP level 1. HP: 13/13 MP: 3/3
    85 | D:1      | Gained mutation: You are partially covered in iridescent scales (AC +4). [demonic ancestry]
    85 | D:1      | Reached XP level 2. HP: 7/19 MP: 0/5
   502 | D:1      | Reached skill level 5 in Necromancy
   945 | D:1      | Gained mutation: You are partially covered in sharp spines. [demonic ancestry]
   945 | D:1      | Reached XP level 3. HP: 20/24 MP: 2/6
  1639 | D:2      | Found a shattered altar of Ashenzari.
  1838 | D:2      | Reached XP level 4. HP: 28/30 MP: 5/8
  1842 | D:2      | Learned a level 1 spell: Animate Skeleton
  1846 | D:2      | Learned a level 3 spell: Vampiric Draining
  1850 | D:2      | Learned a level 3 spell: Regeneration
  2457 | D:3      | Reached skill level 6 in Necromancy
  2530 | D:3      | Found a shimmering altar of Xom.
  2548 | D:3      | Reached XP level 5. HP: 30/35 MP: 9/9
  2567 | D:3      | Found a white marble altar of Elyvilon.
  2797 | D:3      | Found a glowing golden altar of the Shining One.
  2963 | D:3      | Noticed an ogre
  3042 | D:3      | Killed an ogre
  3042 | D:3      | Reached skill level 7 in Necromancy
  3042 | D:3      | Reached XP level 6. HP: 37/41 MP: 3/11
  3579 | D:4      | Learned a level 4 spell: Animate Dead
  3693 | D:4      | Found a radiant altar of Vehumet.
  3747 | D:4      | Killed from afar by an orc priest

Vault maps used:
D:1:      dpeg_arrival_arbitrary_c, lexackson_kobold_supper
D:2:      first_bread, grunt_ministairs_11, nicolae_ashenzari_panopticon
D:3:      elyvilon_altar_4, tso_oasis_becter, led_xom_imps, minmay_ogre_servants
D:4:      vehumet_crystals, grunt_tough_drop

Action                   |  1- 3 |  4- 6 || total
-------------------------+-------+-------++-------
Melee: Unarmed           |     7 |       ||     7
       Short sword       |    25 |    45 ||    70
       Dagger            |       |     1 ||     1
 Cast: Pain              |    56 |    77 ||   133
       Animate Skeleton  |       |    10 ||    10
       Regeneration      |       |     3 ||     3
  Use: Potion            |     1 |       ||     1
 Stab: Sleeping          |     1 |     1 ||     2
       Distracted        |       |     1 ||     1
  Eat: Chunk             |     3 |     5 ||     8
       Fruit             |       |     1 ||     1
